| TOP OF THE 1ST |
|
Helena Brewers batting - Pitching for Washington (APP) Nationals : RHP Nate Vandergriff
|
|
Pitching: RHP Nate Vandergriff
|
|
|
Batting: RHB Jose Cerritos
|
0-0: Called Strike 0-1: DOUBLE (Flyball, 89D, EV 108.8 MPH)
|
|
Batting: LHB John Fortin
|
0-0: Called Strike 0-1: Ball 1-1: Ball 2-1: Swinging Strike Passed Ball! Jose Cerritos to third 2-2: Ball 3-2: Fly out, F8 (Flyball, 8LD, EV 107.5 MPH) Runner from 3rd tags up, OUT at HOME! 8-2
|
|
Batting: SHB Orlando Torres
|
0-0: Ball 1-0: Foul Ball, location: 2F 1-1: Swinging Strike 1-2: Fly out, F9 (Flyball, 9D, EV 103.8 MPH)
|
| Top of the 1st over - 0 runs, 1 hit, 0 errors, 0 left on base; Helena 0 - Washington (APP) 0 |
| BOTTOM OF THE 1ST |
|
Washington (APP) Nationals batting - Pitching for Helena Brewers : LHP Jon Ortiz
|
|
Pitching: LHP Jon Ortiz
|
|
|
Batting: RHB Justin Van Houten
|
0-0: Ball 1-0: Ball 2-0: Called Strike 2-1: Swinging Strike 2-2: Ball 3-2: Base on Balls
|
|
Batting: RHB Antonio Vallez
|
0-0: Grounds into double play, 6-4-3 (Groundball, 6, EV 85.6 MPH)
|
|
Batting: RHB Tylor Cyr
|
0-0: Ball 1-0: Ground out 5-3 (Groundball, 56, EV 86.9 MPH)
|
| Bottom of the 1st over - 0 runs, 0 hits, 0 errors, 0 left on base; Helena 0 - Washington (APP) 0 |
| TOP OF THE 2ND |
|
Helena Brewers batting - Pitching for Washington (APP) Nationals : RHP Nate Vandergriff
|
|
Batting: LHB Karel Hort
|
0-0: Called Strike 0-1: Ball 1-1: Ball 2-1: Ball 3-1: Foul Ball, location: 2F 3-2: SINGLE (Groundball, 4S, EV 61.2 MPH) (infield hit)
|
|
Batting: RHB Dan Allred
|
0-0: Ball 1-0: Called Strike 1-1: Ball 2-1: Ball 3-1: Foul Ball, location: 2F 3-2: Foul Ball, location: 2F 3-2: Ground out 6-3 (Groundball, 6S, EV 79.4 MPH) Karel Hort to second
|
|
Batting: RHB Alfredo Sena
|
0-0: Ball 1-0: Called Strike 1-1: Ground out 5-3 (Groundball, 56, EV 85.0 MPH)
|
|
Batting: RHB Steve Errico
|
0-0: Ball 1-0: Ball 2-0: Swinging Strike 2-1: Ball Passed Ball! Karel Hort to third 3-1: Foul Ball, location: 2F 3-2: Foul Ball, location: 2F 3-2: Base on Balls
|
|
Batting: RHB Manny Olave
|
0-0: Called Strike 0-1: Ball 1-1: Swinging Strike 1-2: SINGLE (Groundball, 56S, EV 68.8 MPH) (infield hit) Karel Hort scores Steve Errico to second
|
|
Batting: RHB Justin Marino
|
0-0: Called Strike 0-1: Ball 1-1: Ball 2-1: Fly out, F3 (Line Drive, 3L, EV 65.0 MPH)
|
| Top of the 2nd over - 1 run, 2 hits, 0 errors, 2 left on base; Helena 1 - Washington (APP) 0 |
| BOTTOM OF THE 2ND |
|
Washington (APP) Nationals batting - Pitching for Helena Brewers : LHP Jon Ortiz
|
|
Batting: SHB Gabe Fraunfelder
|
0-0: Ground out U3 (Groundball, 34, EV 88.1 MPH)
|
|
Batting: LHB Chance McWilliams
|
0-0: Ball 1-0: Ball 2-0: Called Strike 2-1: Ground out U3 (Groundball, 3S, EV 80.0 MPH)
|
|
Batting: RHB Lamar Thornton
|
0-0: Called Strike 0-1: Ball 1-1: Ball 2-1: Foul Ball, location: 2F 2-2: Foul Ball, location: 2F 2-2: Ball 3-2: Base on Balls
|
|
Batting: RHB Chad Madsen
|
0-0: Ball 1-0: Called Strike 1-1: Ball 2-1: Foul Ball, location: 2F 2-2: Ball 3-2: Base on Balls Lamar Thornton to second
|
|
Batting: RHB Jason Ewert
|
0-0: Ground out 3-1 (Groundball, 34S, EV 78.8 MPH)
|
| Bottom of the 2nd over - 0 runs, 0 hits, 0 errors, 2 left on base; Helena 1 - Washington (APP) 0 |
| TOP OF THE 3RD |
|
Helena Brewers batting - Pitching for Washington (APP) Nationals : RHP Nate Vandergriff
|
|
Batting: RHB Jose Cerritos
|
0-0: Ball 1-0: SINGLE (Groundball, 4M, EV 102.5 MPH) (infield hit)
|
|
Batting: LHB John Fortin
|
0-0: Ball 1-0: Ball 2-0: Called Strike 2-1: Foul Ball, location: 2F 2-2: Ball 3-2: Base on Balls Jose Cerritos to second
|
|
Batting: SHB Orlando Torres
|
0-0: Called Strike 0-1: Ball 1-1: Ball 2-1: Ball 3-1: Ground out 6-3 (Groundball, P, EV 87.5 MPH) Jose Cerritos to third John Fortin to second
|
|
Batting: LHB Karel Hort
|
0-0: Called Strike 0-1: Ball 1-1: Ball 2-1: Foul Ball, location: 2F 2-2: Foul Ball, location: 2F 2-2: Foul Ball, location: 2F 2-2: 3-RUN HOME RUN (Flyball, 9LD, EV 95.0 MPH), Distance : 355 ft
|
|
Batting: RHB Dan Allred
|
0-0: Fly out, F8 (Line Drive, 8RS, EV 110.6 MPH)
|
|
Batting: RHB Alfredo Sena
|
0-0: Ball 1-0: Ball 2-0: SINGLE (Groundball, 4, EV 93.8 MPH)
|
|
Batting: RHB Steve Errico
|
0-0: Called Strike 0-1: Ball 1-1: Ball 2-1: Ball Wild Pitch! Alfredo Sena to second 3-1: Called Strike 3-2: Base on Balls
|
|
Batting: RHB Manny Olave
|
0-0: Fielders Choice at 2nd, 6-4 (Groundball, 6, EV 106.9 MPH)
|
| Top of the 3rd over - 3 runs, 3 hits, 0 errors, 2 left on base; Helena 4 - Washington (APP) 0 |
| BOTTOM OF THE 3RD |
|
Washington (APP) Nationals batting - Pitching for Helena Brewers : LHP Jon Ortiz
|
|
Batting: LHB Jim Weidman
|
0-0: Swinging Strike 0-1: Foul Ball, location: 2F 0-2: Ball 1-2: Strikes out looking
|
|
Batting: RHB Justin Van Houten
|
0-0: Ball 1-0: Ball 2-0: SINGLE (Flyball, 89S, EV 85.0 MPH)
|
|
Batting: RHB Antonio Vallez
|
0-0: Hit by Pitch Justin Van Houten to second
|
|
Batting: RHB Tylor Cyr
|
0-0: Called Strike 0-1: Ball 1-1: DOUBLE (Flyball, 8LXD, EV 89.4 MPH) Justin Van Houten scores Antonio Vallez to third
|
|
Batting: SHB Gabe Fraunfelder
|
0-0: Foul Ball, location: 2F 0-1: Ball 1-1: 3-RUN HOME RUN (Flyball, 7LD, EV 98.8 MPH), Distance : 362 ft
|
|
Batting: LHB Chance McWilliams
|
0-0: Called Strike 0-1: Foul Ball, location: 2F 0-2: Ball 1-2: Ground out 4-3 (Groundball, 4, EV 93.1 MPH)
|
|
Batting: RHB Lamar Thornton
|
0-0: Swinging Strike 0-1: Swinging Strike 0-2: Foul Ball, location: 2F 0-2: Ball 1-2: Fly out, F7 (Flyball, 7, EV 92.5 MPH)
|
| Bottom of the 3rd over - 4 runs, 3 hits, 0 errors, 0 left on base; Helena 4 - Washington (APP) 4 |
| TOP OF THE 4TH |
|
Helena Brewers batting - Pitching for Washington (APP) Nationals : RHP Nate Vandergriff
|
|
Batting: RHB Justin Marino
|
0-0: Ball 1-0: Called Strike 1-1: Ball 2-1: Ball 3-1: Hit by Pitch
|
|
Batting: RHB Jose Cerritos
|
0-0: SINGLE (Line Drive, 4D, EV 107.5 MPH) Justin Marino to second
|
|
Batting: LHB John Fortin
|
0-0: Ball 1-0: Ball 2-0: Ball 3-0: Base on Balls Justin Marino to third Jose Cerritos to second
|
|
Pitching: RHP Matt Norris
|
|
|
Batting: SHB Orlando Torres
|
0-0: Called Strike 0-1: Swinging Strike 0-2: Strikes out swinging
|
|
Batting: LHB Karel Hort
|
0-0: Called Strike 0-1: Foul Ball, location: 2F 0-2: Foul Ball, location: 2F 0-2: Foul Ball, location: 2F 0-2: Foul Ball, location: 2F 0-2: Strikes out looking
|
|
Batting: RHB Dan Allred
|
0-0: Called Strike 0-1: Ball 1-1: Ball 2-1: Foul Ball, location: 2F 2-2: Foul Ball, location: 2F 2-2: Foul Ball, location: 2F 2-2: Fly out, F9 (Flyball, 9S, EV 98.1 MPH)
|
| Top of the 4th over - 0 runs, 1 hit, 0 errors, 3 left on base; Helena 4 - Washington (APP) 4 |
| BOTTOM OF THE 4TH |
|
Washington (APP) Nationals batting - Pitching for Helena Brewers : LHP Jon Ortiz
|
|
Batting: RHB Chad Madsen
|
0-0: Ball 1-0: Ball 2-0: Foul Ball, location: 2F 2-1: Ball 3-1: Base on Balls
|
|
Batting: RHB Jason Ewert
|
0-0: Ball 1-0: Ball 2-0: Swinging Strike 2-1: Reached on error, E4 (Groundball, 4, EV 85.6 MPH) Chad Madsen to second
|
|
Batting: LHB Jim Weidman
|
0-0: Called Strike 0-1: Called Strike 0-2: Ball 1-2: Ball 2-2: SINGLE (Groundball, 34D, EV 100.0 MPH) Chad Madsen to third Jason Ewert to second Runner from 3rd tries for Home, SAFE, throw by RF to home
|
|
Batting: RHB Justin Van Houten
|
0-0: Ball 1-0: Called Strike Jason Ewert steals 3rd, throwing error, E2 Jason Ewert scores Jim Weidman to third 1-1: Swinging Strike 1-2: Ball 2-2: Ground out 4-3 (Groundball, 4M, EV 80.6 MPH) Jim Weidman scores
|
|
Pitching: LHP Tony Salazar
|
|
|
Batting: RHB Antonio Vallez
|
0-0: Called Strike 0-1: Ball 1-1: Foul Ball, location: 2F 1-2: Reached on error, E4 (Groundball, 4, EV 83.8 MPH)
|
|
Batting: RHB Tylor Cyr
|
0-0: Ball Antonio Vallez steals 2nd base 1-0: Fly out, F9 (Flyball, 9, EV 72.5 MPH)
|
|
Batting: SHB Gabe Fraunfelder
|
0-0: Called Strike 0-1: Fly out, F7 (Flyball, 7, EV 90.0 MPH)
|
| Bottom of the 4th over - 3 runs, 1 hit, 3 errors, 1 left on base; Helena 4 - Washington (APP) 7 |
| TOP OF THE 5TH |
|
Helena Brewers batting - Pitching for Washington (APP) Nationals : RHP Matt Norris
|
|
Batting: RHB Alfredo Sena
|
0-0: Foul Ball, location: 2F 0-1: Reached on error, E4 (Groundball, 4, EV 86.9 MPH)
|
|
Batting: RHB Steve Errico
|
0-0: Ball 1-0: DOUBLE (Line Drive, 3D, EV 98.8 MPH) Alfredo Sena scores
|
|
Batting: RHB Manny Olave
|
0-0: Ball 1-0: Foul Ball, location: 2F 1-1: Ground out 6-3 (Groundball, 56, EV 87.5 MPH)
|
|
Batting: RHB Justin Marino
|
0-0: Swinging Strike 0-1: Foul Ball, location: 2F 0-2: Fly out, F8 (Flyball, 8RD, EV 93.1 MPH)
|
|
Batting: RHB Jose Cerritos
|
0-0: Foul Ball, location: 2F 0-1: Fly out, F9 (Flyball, 9, EV 86.2 MPH)
|
| Top of the 5th over - 1 run, 1 hit, 1 error, 1 left on base; Helena 5 - Washington (APP) 7 |
| BOTTOM OF THE 5TH |
|
Washington (APP) Nationals batting - Pitching for Helena Brewers : LHP Tony Salazar
|
|
Batting: LHB Chance McWilliams
|
0-0: Foul Ball, location: 2F 0-1: Swinging Strike 0-2: Strikes out swinging
|
|
Batting: RHB Lamar Thornton
|
0-0: Foul Ball, location: 2F 0-1: Foul Ball, location: 2F 0-2: Foul Ball, location: 2F 0-2: Ball 1-2: Ground out 5-3 (Groundball, 56S, EV 86.2 MPH)
|
|
Batting: RHB Chad Madsen
|
0-0: Ball 1-0: Called Strike 1-1: Foul Ball, location: 2F 1-2: Foul Ball, location: 2F 1-2: Ball 2-2: DOUBLE (Groundball, 5L, EV 101.2 MPH)
|
|
Batting: RHB Jason Ewert
|
0-0: SINGLE (Groundball, P, EV 81.9 MPH) (infield hit) Chad Madsen to third
|
|
Batting: LHB Jim Weidman
|
0-0: Called Strike 0-1: Swinging Strike 0-2: Fly out, F9 (Flyball, 89S, EV 79.4 MPH)
|
| Bottom of the 5th over - 0 runs, 2 hits, 0 errors, 2 left on base; Helena 5 - Washington (APP) 7 |
| TOP OF THE 6TH |
|
Helena Brewers batting - Pitching for Washington (APP) Nationals : RHP Matt Norris
|
|
Batting: LHB John Fortin
|
0-0: Ball 1-0: Ball 2-0: Ball 3-0: Base on Balls
|
|
Pitching: LHP Willie Rivera
|
|
|
Batting: SHB Orlando Torres
|
0-0: Swinging Strike 0-1: Ball 1-1: Called Strike 1-2: Strikes out swinging
|
|
Batting: LHB Karel Hort
|
0-0: Ball 1-0: Ball 2-0: Ball Passed Ball! John Fortin to second 3-0: Base on Balls
|
|
Batting: RHB Dan Allred
|
0-0: Called Strike 0-1: Swinging Strike 0-2: Foul Ball, location: 2F 0-2: Ball 1-2: Strikes out looking
|
|
Batting: RHB Alfredo Sena
|
0-0: Called Strike 0-1: Called Strike 0-2: Ball 1-2: Ball 2-2: Foul Ball, location: 2F 2-2: Ground out 4-3 (Groundball, 4, EV 108.1 MPH)
|
| Top of the 6th over - 0 runs, 0 hits, 0 errors, 2 left on base; Helena 5 - Washington (APP) 7 |
| BOTTOM OF THE 6TH |
|
Washington (APP) Nationals batting - Pitching for Helena Brewers : LHP Tony Salazar
|
|
Batting: RHB Justin Van Houten
|
0-0: SOLO HOME RUN (Flyball, 7D, EV 105.0 MPH), Distance : 395 ft
|
|
Batting: RHB Antonio Vallez
|
0-0: Ball 1-0: Ball 2-0: Ball 3-0: Base on Balls
|
|
Batting: RHB Tylor Cyr
|
0-0: Called Strike 0-1: Ball Wild Pitch! Antonio Vallez to second 1-1: Ball 2-1: Ball 3-1: Base on Balls
|
|
Batting: SHB Gabe Fraunfelder
|
0-0: Ball 1-0: Foul Ball, location: 2F 1-1: Fly out, F7 (Flyball, 7LSF, EV 81.9 MPH)
|
|
Batting: LHB Chance McWilliams
|
0-0: Called Strike 0-1: Foul Ball, location: 2F 0-2: Strikes out swinging
|
|
Batting: RHB Lamar Thornton
|
0-0: Ball 1-0: Swinging Strike 1-1: Called Strike 1-2: Ball 2-2: Reached on error, E3 (Groundball, 23, EV 94.4 MPH) Antonio Vallez to third Tylor Cyr to second
|
|
Batting: RHB Chad Madsen
|
0-0: Foul Ball, location: 2F 0-1: DOUBLE (Flyball, 8LXD, EV 101.9 MPH) Antonio Vallez scores Tylor Cyr scores Lamar Thornton to third Runner from 3rd tries for Home, SAFE, throw by CF to trailing runner, SAFE at third!
|
|
Batting: RHB Jason Ewert
|
0-0: Called Strike 0-1: Swinging Strike 0-2: Ball 1-2: Fly out, F9 (Flyball, 9S, EV 94.4 MPH)
|
| Bottom of the 6th over - 4 runs, 2 hits, 1 error, 1 left on base; Helena 5 - Washington (APP) 11 |
| TOP OF THE 7TH |
|
Helena Brewers batting - Pitching for Washington (APP) Nationals : LHP Willie Rivera
|
|
Batting: RHB Steve Errico
|
0-0: Fly out, F9 (Flyball, 9S, EV 86.2 MPH)
|
|
Batting: RHB Manny Olave
|
0-0: Called Strike 0-1: Foul Ball, location: 2F 0-2: Foul Ball, location: 2F 0-2: Ball 1-2: Foul Ball, location: 2F 1-2: Ball 2-2: Foul Ball, location: 2F 2-2: Strikes out swinging
|
|
Batting: RHB Justin Marino
|
0-0: SINGLE (Line Drive, 34, EV 97.5 MPH)
|
|
Batting: RHB Jose Cerritos
|
0-0: Ball 1-0: Foul Ball, location: 2F 1-1: Ball Justin Marino steals 2nd base 2-1: 2-RUN HOME RUN (Flyball, 9D, EV 99.4 MPH), Distance : 363 ft
|
|
Batting: LHB John Fortin
|
0-0: SINGLE (Groundball, 4, EV 95.6 MPH)
|
|
Batting: SHB Orlando Torres
|
0-0: Ball 1-0: Ball John Fortin steals 2nd base 2-0: SINGLE (Groundball, 6D, EV 104.4 MPH) John Fortin to third Runner from 3rd tries for Home, SAFE, throw by CF to home
|
|
Pitching: RHP Ramiro Ramirez
|
|
|
Batting: LHB Karel Hort
|
0-0: Ball 1-0: Called Strike 1-1: Swinging Strike 1-2: Reached on error, E6 (Groundball, 6M, EV 103.1 MPH) Orlando Torres to second
|
|
Batting: RHB Dan Allred
|
0-0: Called Strike 0-1: Ground out U3 (Groundball, 13, EV 81.9 MPH)
|
| Top of the 7th over - 3 runs, 4 hits, 1 error, 2 left on base; Helena 8 - Washington (APP) 11 |
| BOTTOM OF THE 7TH |
|
Washington (APP) Nationals batting - Pitching for Helena Brewers : LHP Tony Salazar
|
|
Pitching: RHP Odmar van de Vijver
|
|
|
Batting: LHB Jim Weidman
|
0-0: Ball 1-0: Fly out, F7 (Flyball, 7LS, EV 85.6 MPH)
|
|
Batting: RHB Justin Van Houten
|
0-0: Foul Ball, location: 2F 0-1: Ball 1-1: Ground out 6-3 (Groundball, 6, EV 81.2 MPH)
|
|
Batting: RHB Antonio Vallez
|
0-0: Foul Ball, location: 2F 0-1: Ball 1-1: DOUBLE (Flyball, 8LXD, EV 94.4 MPH)
|
|
Batting: RHB Tylor Cyr
|
0-0: Fly out, F9 (Line Drive, 9S, EV 102.5 MPH)
|
| Bottom of the 7th over - 0 runs, 1 hit, 0 errors, 1 left on base; Helena 8 - Washington (APP) 11 |
| TOP OF THE 8TH |
|
Helena Brewers batting - Pitching for Washington (APP) Nationals : RHP Ramiro Ramirez
|
|
Batting: RHB Alfredo Sena
|
0-0: Ball 1-0: Swinging Strike 1-1: Called Strike 1-2: Ball 2-2: Ball 3-2: Base on Balls
|
|
Batting: RHB Steve Errico
|
0-0: Fly out, F8 (Flyball, 89M, EV 88.1 MPH)
|
|
Pinch Hitting: LHB Steven Donovan
|
0-0: Foul Ball, location: 2F 0-1: Ball 1-1: Called Strike 1-2: Ball 2-2: Foul Ball, location: 2F 2-2: Ball 3-2: Strikes out swinging
|
|
Pinch Hitting: LHB Mark Backstrom
|
0-0: Called Strike 0-1: Called Strike 0-2: Fly out, F7 (Line Drive, 7S, EV 92.5 MPH)
|
| Top of the 8th over - 0 runs, 0 hits, 0 errors, 1 left on base; Helena 8 - Washington (APP) 11 |
| BOTTOM OF THE 8TH |
|
Washington (APP) Nationals batting - Pitching for Helena Brewers : RHP Odmar van de Vijver
|
|
Now at SS: Jesus Menjivar
|
|
|
Now in LF: Alfredo Sena
|
|
|
Now in RF: Mark Backstrom
|
|
|
Batting: SHB Gabe Fraunfelder
|
0-0: Ball 1-0: Ball 2-0: Called Strike 2-1: Called Strike 2-2: Foul Ball, location: 2F 2-2: Foul Ball, location: 2F 2-2: Fly out, F6 (Popup, 4M, EV 56.2 MPH)
|
|
Batting: LHB Chance McWilliams
|
0-0: Ball 1-0: Ball 2-0: Ground out 4-3 (Groundball, 4, EV 95.6 MPH)
|
|
Batting: RHB Lamar Thornton
|
0-0: Ball 1-0: Foul Ball, location: 2F 1-1: Foul Ball, location: 2F 1-2: Fly out, F7 (Flyball, 7LD, EV 101.2 MPH)
|
| Bottom of the 8th over - 0 runs, 0 hits, 0 errors, 0 left on base; Helena 8 - Washington (APP) 11 |
| TOP OF THE 9TH |
|
Helena Brewers batting - Pitching for Washington (APP) Nationals : RHP Ramiro Ramirez
|
|
Pitching: RHP Omar Perez
|
|
|
Batting: RHB Jose Cerritos
|
0-0: Foul Ball, location: 2F 0-1: Ball 1-1: Ball 2-1: Ball 3-1: SINGLE (Flyball, 5D, EV 88.8 MPH)
|
|
Batting: LHB John Fortin
|
0-0: Ball 1-0: Ball 2-0: Ball 3-0: Base on Balls Jose Cerritos to second
|
|
Batting: SHB Orlando Torres
|
0-0: Called Strike 0-1: Ball 1-1: Swinging Strike 1-2: Strikes out swinging
|
|
Batting: LHB Karel Hort
|
0-0: Ball 1-0: Fielders Choice at 2nd, 1-6 (Groundball, 13S, EV 73.8 MPH) Jose Cerritos to third
|
|
Batting: RHB Dan Allred
|
0-0: Fly out, F7 (Flyball, 7S, EV 88.8 MPH)
|
| Top of the 9th over - 0 runs, 1 hit, 0 errors, 2 left on base; Helena 8 - Washington (APP) 11 |
|